 Dungeon Crawl Stone Soup version 0.22-a0-429-g97ce8ef (webtiles) character file.

49 Mgcat the Covered (level 3, -8/30 HPs)
             Began as a Barachi Fighter on May 25, 2018.
             Killed by divine providence
             ... invoked by an orc priest
              (12 damage)
             ... on level 2 of the Dungeon.
             The game lasted 00:02:35 (1071 turns).

Mgcat the Covered (Barachi Fighter)                 Turns: 1071, Time: 00:02:36

Health: -8/30      AC:  8    Str: 18    XL:     3   Next: 77%
Magic:  3/3        EV:  7    Int:  8    God:
Gold:   39         SH:  9    Dex: 13    Spells: 2/2 levels left

rFire    . . .     SeeInvis .   a - +0 war axe
rCold    . . .     Gourm    .   c - +0 shield
rNeg     . . .     Faith    .   b - +0 scale mail
rPois    .         Spirit   .   (no helmet)
rElec    .         Reflect  .   (no cloak)
rCorr    .         Harm     .   (no gloves)
MR       .....                  (no boots)
Stlth    ..........             e - amulet of inaccuracy (curse)
HPRegen  0.10/turn              k - +1 ring of protection
MPRegen  0.08/turn              (no ring)

@: slow
A: +LOS, swims, agile 1, blurry vision 1, deterioration 1, screaming 1, slowness
1, strong legs 1
a: Hop


You were on level 2 of the Dungeon.
You were hungry.

You visited 1 branch of the dungeon, and saw 2 of its levels.

You collected 39 gold pieces.

Inventory:

Hand Weapons
 a - a +0 war axe (weapon)
Armour
 b - a +0 scale mail (worn)
 c - a +0 shield (worn)
Jewellery
 e - a cursed amulet of inaccuracy (around neck)
   (You found it on level 1 of the Dungeon)
 k - a +1 ring of protection (left hand)
   (You found it on level 1 of the Dungeon)
Scrolls
 i - a scroll of teleportation {unknown}
 j - a scroll of amnesia {unknown}
 l - a scroll of fog {unknown}
Comestibles
 d - a chunk of flesh {@w0}
 f - 4 rations


   Skills:
 + Level 4.1 Fighting
 + Level 2.9 Axes
 + Level 4.2 Armour
 + Level 3.8 Shields


You had 2 spell levels left.
You didn't know any spells.
Your spell library was empty.

Dungeon Overview and Level Annotations

Branches:
Dungeon (2/15)

Altars:


Innate Abilities, Weirdness & Mutations

Shadows flee at your approach. (+LOS)
You can swim through water.
You cover ground slowly.
You can hop short distances.
You are agile. (Dex +2)
Scrolls take you a little longer to read.
Your body sometimes deteriorates upon taking damage.
You occasionally shout uncontrollably at your foes.


Message History

You are feeling very hungry.
HP restored.
You butcher the adder corpse.
d - 2 chunks of flesh {@w0} Eating one of 2 chunks of flesh {@w0}.
You eat one of the 2 chunks of flesh {@w0}.
This raw flesh tastes terrible.
Done exploring.
Done exploring.
Done exploring.
There is a stone staircase leading down here.
You climb downwards.
The giant cockroach bites you but does no damage.
The giant cockroach completely misses you.
There is a stone staircase leading up here.
A giant cockroach is nearby!
You closely miss the giant cockroach.
The giant cockroach bites you but does no damage. x2
You hit the giant cockroach but do no damage.
You block the giant cockroach's attack. x2
You miss the giant cockroach.
The giant cockroach bites you but does no damage. x2
You barely miss the giant cockroach. You block the giant cockroach's attack.
You barely miss the giant cockroach. You block the giant cockroach's attack.
The giant cockroach barely misses you.
You hit the giant cockroach but do no damage.
The giant cockroach barely misses you. You block the giant cockroach's attack.
You miss the giant cockroach.
The giant cockroach bites you but does no damage.
You block the giant cockroach's attack.
You barely miss the giant cockroach.
The giant cockroach bites you but does no damage.
You slash the giant cockroach!
You kill the giant cockroach!
No target in view!
No target in view!
No target in view!
An orc priest comes into view. It is wielding a flail.
The orc priest shouts!
The orc priest moves out of view. 2 orcs come into view.
The orc shouts!
You hear an angry hiss.
There are monsters nearby!
You hit the orc priest.
The orc priest is lightly wounded.
You block the orc priest's attack.
The orc priest looks satisfied for a moment.
You miss the orc priest.
The orc priest calls down the wrath of Beogh upon you.
Pain shoots through your body!
You are too injured to fight recklessly!
You are too injured to fight recklessly!
You are too injured to fight recklessly!
You barely miss the orc priest. You block the orc priest's attack.
You barely miss the orc priest. You barely miss the orc.
The orc barely misses you. You block the orc priest's attack.
An orc comes into view. It is wielding a club.
A ball python comes into view.
You barely miss the orc priest. You completely miss the orc.
The orc shouts!
The ball python hisses angrily.
The orc priest hits you with a flail.
An adder comes into view.
You ribbit at the adder!
The adder hisses angrily.
You hear a shout!
You hit the orc priest.
The orc priest is moderately wounded.
You hit the orc but do no damage. You block the orc priest's attack.
The orc completely misses you. The orc hits you but does no damage.
You block the orc priest's attack.
You closely miss the orc priest.
The orc priest is moderately wounded.
Your shield and scale mail prevent you from hitting the orc.
You block the orc's attack.
The orc priest calls down the wrath of Beogh upon you.
You barely resist. You closely miss the orc priest.
The orc priest is moderately wounded.
You hit the orc but do no damage. The orc hits you with a club.
You block the orc priest's attack.
You miss the orc priest.
The orc priest is moderately wounded.
You miss the orc. The orc hits you but does no damage.
You block the orc priest's attack.
An orc wizard comes into view. It is wielding a dagger.
The orc hits you with a club.
You slash the orc priest!
The orc priest is almost dead.
You miss the orc.
The orc priest mumbles some strange prayers to Beogh against you.
Beogh smites you!
* * * LOW HITPOINT WARNING * * *
The orc hits you but does no damage. You block the orc priest's attack.
You closely miss the orc priest.
The orc priest is almost dead.
You completely miss the orc.
You are feeling hungry.
The orc hits you but does no damage.
The orc priest invokes the aid of Beogh against you.
Beogh smites you!
You die...

#..)..####..# .# .#
##..........# o# ..#
#.....<....# .##..#
##.#.#####.# #o....
#รท#.#####.## .....
##.........(##....#
#......<..........#.#.#
#.##.#####..###S.......
#. #.# #..o@ooS......
#. #.# ##.###.#.?...#
#. #.# .... ... .... #.
#.# #.##.## ..... .. #.
..# # #.# .#.### ..#
#.# .#.# ..# #.# .# #
#.# .. #.# ##


You could see an orc priest, an adder, 2 orcs and a ball python.

Vanquished Creatures
  2 adders (D:1)
  A dart slug (D:1)
  A bat (D:1)
  3 giant cockroaches
  A hobgoblin (D:1)
  2 jackals (D:1)
  6 kobolds
  A ball python (D:2)
  2 frilled lizards (D:1)
  6 goblins (D:1)
  4 rats (D:1)
29 creatures vanquished.

Notes
Turn   | Place    | Note
-------+----------+-------------------------------------------
     0 | D:1      | Mgcat the Barachi Fighter began the quest for the Orb.
     0 | D:1      | Reached XP level 1. HP: 18/18 MP: 1/1
   180 | D:1      | Reached XP level 2. HP: 19/25 MP: 2/2
   582 | D:1      | Reached skill level 4 in Armour
   582 | D:1      | Reached XP level 3. HP: 26/30 MP: 3/3
   600 | D:1      | Reached skill level 4 in Fighting
   843 | D:2      | HP: 7/30 [adder (1)]
   877 | D:1      | Gained mutation: You occasionally shout uncontrollably at your foes. [potion of mutation]
   877 | D:1      | Gained mutation: Scrolls take you a little longer to read. [potion of mutation]
   877 | D:1      | Gained mutation: Your body sometimes deteriorates upon taking damage. [potion of mutation]
   877 | D:1      | Gained mutation: You are agile. (Dex +2) [potion of mutation]
  1070 | D:2      | HP: 3/30 [orc priest/divine providence (10)]
  1071 | D:2      | Killed from afar by an orc priest

Vault maps used:
D:1:      dpeg_arrival_short_road
D:2:      serial_glass, glass_columns_b, glass_columns_a, glass_columns_b,
          glass_columns_a, glass_columns_a

Skill      XL: |  1  2  3 |
---------------+----------+-----
Armour         | 4 |  4.2
Fighting       | 4 |  4.1
Axes           | |  2.9
Shields        | |  3.8

Action                   || total
-------------------------++-------
Melee: War axe           ||   197
  Use: Potion            ||     5
  Eat: Chunk             ||     1
Armor: Scale mail        ||   140
       Skin              ||    24
Dodge: Dodged            ||    76
Block: Shield            ||   145

Table legend:
 A = Spawn XP
 B = Non-spawn XP
 C = Spawn XP percentage of total XP
 D = Spawn monster count
 E = Non-spawn monster count
 F = Spawn count percentage of total count
 G = Total turns spent on level
                    A         B        C        D         E        F      G
               +---------+---------+-------+---------+---------+-------+---------
         Total |       0 |      71 |   0.0 |       0 |      29 |   0.0 |  1071
               +---------+---------+-------+---------+---------+-------+---------
           D:1 |       0 |      67 |   0.0 |       0 |      26 |   0.0 |  1002
           D:2 |       0 |       4 |   0.0 |       0 |       3 |   0.0 |    69
               +---------+---------+-------+---------+---------+-------+---------

Vault maps used:
D:1:      dpeg_arrival_short_road
D:2:      serial_glass, glass_columns_b, glass_columns_a, glass_columns_b,
          glass_columns_a, glass_columns_a

Table legend:
 A = Turns spent in this place as a percentage of turns spent in the entire game.
 B = Non-inter-level travel turns spent in this place as a percentage of non-inter-level travel turns spent in the entire game.
 C = Inter-level travel turns spent in this place as a percentage of turns spent in this place.
 D = Turns resting spent in this place as a percentage of non-inter-level travel turns spent in this place.
 E = Turns spent auto-exploring this place as a percentage of non-inter-level travel turns spent in this place.
 F = Non-inter-level travel turns spent in this place divided by the number of levels of this place that you've seen.
                   A       B       C       D       E      F
               +-------+-------+-------+-------+-------+----------------------
         Total | 100.0 | 100.0 |   1.5 |   0.0 |  71.1 | 527.5
       Dungeon | 100.0 | 100.0 |   1.5 |   0.0 |  71.1 | 527.5
               +-------+-------+-------+-------+-------+----------------------

Table legend:
 A = Kills in this place as a percentage of kills in entire the game.
 B = Kills by you in this place as a percentage of kills by you in the entire game.
 C = Kills by friends in this place as a percentage of kills by friends in the entire game.
 D = Other kills in this place as a percentage of other kills in the entire game.
 E = Experience gained in this place as a percentage of experience gained in the entire game.
 F = Experience gained in this place divided by the number of levels of this place that you have seen.
                   A       B       C       D       E      F
               +-------+-------+-------+-------+-------+----------------------
         Total | 100.0 | 100.0 |   N/A |   N/A | 100.0 |  35.5
       Dungeon | 100.0 | 100.0 |   N/A |   N/A | 100.0 |  35.5
               +-------+-------+-------+-------+-------+----------------------
